AoeStats
← .I.

Arena

510856417Analyzed
4v4 RM · 1d ago on Oct 2, 2026· 51m 22s· 8 players
Game mode
Random Map
Map size
Large (8 player)
Population
200
Speed
Normal
Resources
Standard
Victory
Conquest
Starting age
Dark Age
Ending age
Imperial Age
RankedLock teamsTeams togetherTeam positionsShared explorationLock speedFull tech treeHidden civsTurbo modeCheats
Victory
Defeat
🇺🇾 Burgundians · Uruguay
1330
+11
🇨🇴 Teutons · Colombia
1282
+13
🇨🇴 Cumans · Colombia
1252
+14
🇧🇷 Shu · Brazil
1246
+15
🇳🇱 Mongols · Netherlands
1245
-14
🇺🇸 Spanish · United States
1231
-14
🇬🇧 Khmer · United Kingdom
1204
-13
🇧🇷 Goths · Brazil
1180
-12
Heldblaser
10:47 Feudal Age
14:24 Castle Age
12:36 Double-Bit Axe
13:16 Fletching
14:38 Loom
15:19 Bodkin Arrow
15:44 Bow Saw
15:33 Gold Mining
15:40 Crossbowman
23:13 Scale Barding Armor
24:44 Chain Barding Armor
27:31 Forging
29:01 Padded Archer Armor
30:05 Ballistics
38:55 Imperial Age
36:57 Leather Archer Armor
37:54 Thumb Ring
39:16 Wheelbarrow
38:59 Stone Mining
39:11 Arbalester
39:52 Bracer
40:56 Chemistry
40:44 Town Watch
42:38 Gold Shaft Mining
43:43 Hand Cart
44:24 Ring Archer Armor
48:13 Conscription
christianperalta141
7:27 Loom
9:12 Feudal Age
10:27 Double-Bit Axe
15:28 Horse Collar
17:28 Wheelbarrow
23:50 Castle Age
22:06 Stone Mining
22:09 Gold Mining
23:12 Forging
23:07 Scale Barding Armor
24:53 Bloodlines
25:24 Bow Saw
25:19 Heavy Plow
27:06 Hand Cart
27:47 Loom
30:28 Iron Casting
30:19 Town Watch
32:29 Fervor
32:40 Sanctity
33:45 Herbal Medicine
33:51 Atonement
36:52 Chain Barding Armor
36:56 Ballistics
36:27 Fletching
36:38 Padded Archer Armor
42:16 Imperial Age
42:38 Elite Steppe Lancer
43:20 Steppe Husbandry
43:40 Conscription
43:23 Cuman Mercenaries
43:32 Cuman Mercenaries
43:56 Conscription
49:21 Chemistry
52:47 Blast Furnace
Caballero Cruzado
11:00 Feudal Age
14:31 Castle Age
13:41 Wheelbarrow
12:54 Double-Bit Axe
12:53 Horse Collar
14:15 Wheelbarrow
15:30 Bow Saw
22:15 Forging
22:10 Scale Barding Armor
22:02 Gold Mining
24:45 Chain Barding Armor
24:39 Bloodlines
27:27 Iron Casting
30:01 Imperial Age
27:47 Hand Cart
27:34 Loom
27:35 Town Watch
29:00 Heavy Plow
29:03 Town Patrol
29:49 Fletching
30:03 Stone Mining
31:45 Two-Man Saw
32:02 Plate Barding Armor
32:27 Blast Furnace
31:40 Cavalier
33:06 Stone Shaft Mining
36:21 Bodkin Arrow
36:59 Crenellations
37:00 Conscription
38:12 Padded Archer Armor
38:00 Elite Skirmisher
38:31 Paladin
40:27 Crop Rotation
40:31 Leather Archer Armor
43:42 Ring Archer Armor
49:51 Ballistics
50:31 Chemistry
52:15 Hoardings
51:02 Elite Teutonic Knight
Paco
10:54 Feudal Age
9:57 Double-Bit Axe
10:45 Horse Collar
25:37 Wheelbarrow
26:18 Bow Saw
27:01 Heavy Plow
27:00 Gold Mining
27:01 Stone Mining
29:30 Castle Age
27:35 Scale Mail Armor
27:45 Forging
30:50 Loom
33:17 Squires
33:09 Arson
33:42 Fletching
33:52 Padded Archer Armor
34:28 Iron Casting
34:08 Chain Mail Armor
34:11 Hand Cart
35:14 Two-Man Saw
35:16 Elite Skirmisher
35:33 Pikeman
37:57 Ballistics
39:53 Leather Archer Armor
39:33 Bodkin Arrow
45:37 Imperial Age
46:21 Bracer
46:52 Plate Mail Armor
47:22 Blast Furnace
48:16 Chemistry
46:59 Treadmill Crane
47:31 Masonry
47:14 Halberdier
51:12 Crossbowman
Soaking Dill
10:24 Feudal Age
14:03 Castle Age
12:33 Double-Bit Axe
15:24 Bow Saw
15:07 Horse Collar
20:48 Stone Mining
21:01 Gold Mining
23:17 Stone Shaft Mining
22:56 Padded Archer Armor
24:58 Leather Archer Armor
25:53 Wheelbarrow
25:30 Loom
26:02 Heavy Plow
26:34 Bloodlines
27:49 Hand Cart
28:54 Town Watch
29:15 Husbandry
30:02 Fletching
30:54 Pikeman
31:35 Squires
31:36 Scale Mail Armor
31:46 Forging
31:32 Bodkin Arrow
31:25 Arson
32:11 Town Patrol
32:33 Chain Mail Armor
36:26 Imperial Age
35:03 Iron Casting
36:29 Elite Conquistador
37:29 Conscription
37:42 Ring Archer Armor
38:18 Chemistry
36:46 Halberdier
37:58 Plate Mail Armor
39:49 Devotion
41:03 Faith
42:54 Blast Furnace
NoobSB
10:38 Feudal Age
14:26 Castle Age
13:08 Double-Bit Axe
13:05 Horse Collar
15:28 Bow Saw
18:22 Loom
29:07 Bloodlines
31:15 Heavy Plow
32:25 Scale Barding Armor
33:20 Wheelbarrow
35:04 Hand Cart
35:19 Chain Barding Armor
35:19 Gold Mining
36:04 Forging
36:02 Town Watch
36:21 Husbandry
35:43 Light Cavalry
37:34 Iron Casting
37:37 Ballistics
41:07 Imperial Age
42:15 Conscription
42:31 Plate Barding Armor
41:59 Elite Ballista Elephant
43:14 Hussar
45:31 Fletching
46:44 Blast Furnace
45:38 Fletching
46:54 Chemistry
48:13 Bodkin Arrow
.I.
9:17 Feudal Age
13:40 Castle Age
11:59 Double-Bit Axe
13:16 Horse Collar
14:25 Loom
14:54 Bow Saw
Mandinga
10:41 Feudal Age
12:00 Double-Bit Axe
14:26 Castle Age
12:22 Horse Collar
13:46 Town Watch
13:48 Loom
16:13 Wheelbarrow
18:39 Bow Saw
19:54 Fletching
26:41 Pikeman
27:22 Squires
28:36 Scale Mail Armor
30:45 Chain Mail Armor
38:56 Heavy Plow
38:47 Gold Mining
38:48 Stone Mining
40:59 Forging
41:50 Anarchy
49:40 Bodkin Arrow
Connection lost

Rejoining the realm…

Still unreachable

The connection could not be restored.

Session expired

The server has moved on; the page needs a fresh start.